 Dungeon Crawl Stone Soup version 0.30.1-4-g462c640d31 (webtiles) character file.

Game seed: 5570421431025122739

169 kingsuperguy the Poker (level 5, -1/39 HPs)
             Began as a Demonspawn Gladiator on Aug 30, 2023.
             Slain by an acid dragon (8 damage)
             ... on level 4 of the Dungeon on Sept 1, 2023.
             The game lasted 00:05:25 (2761 turns).

kingsuperguy the Poker (Demonspawn Gladiator)       Turns: 2761, Time: 00:05:25

Health: -1/39      AC:  8    Str: 16    XL:     5   Next: 25%
Magic:  5/5        EV:  8    Int: 10    God:
Gold:   169        SH:  0    Dex: 14    Spells: 4/4 levels left

rFire   . . .        a - +0 trident
rCold   . . .        (no shield)
rNeg    . . .        r - +0 chain mail
rPois   .            (helmet restricted)
rElec   .            (no cloak)
rCorr   .            (no gloves)
SInv    .            n - +1 pair of boots
Will    .....        (no amulet) Stlth
                     (no ring)
HPRegen 0.26/turn    (no ring)
MPRegen 0.09/turn

%: no passive effects
@: corroded
A: horns 1, thin metallic scales 1
a: no special abilities


You were on level 4 of the Dungeon.
You visited 1 branch of the dungeon, and saw 5 of its levels.

You collected 169 gold pieces.

Inventory:

Hand Weapons
 a - a +0 trident (weapon)
Missiles
 d - 4 throwing nets (quivered)
 e - a javelin
Armour
 b - a +0 leather armour
 c - a +0 helmet
 i - a +0 ring mail
 n - a +1 pair of boots (worn)
 r - a +0 chain mail (worn)
 A - a +0 plate armour
Wands
 y - a wand of flame (9)
 z - a wand of mindburst (13)
 B - a wand of digging (6)
Scrolls
 f - a scroll of acquirement {unknown}
 g - 2 scrolls of identify {unknown}
 m - 2 scrolls of noise {unknown}
 p - 4 scrolls of immolation {unknown}
 q - 3 scrolls of brand weapon {unknown}
 t - a scroll of silence {unknown}
 v - 2 scrolls of teleportation {unknown}
 x - 3 scrolls of enchant weapon {unknown}
 C - a scroll of fear {unknown}
 E - a scroll of vulnerability {unknown}
 F - a scroll of fog {unknown}
Potions
 h - a potion of brilliance {unknown}
 j - a potion of resistance {unknown}
 k - a potion of heal wounds {unknown}
 l - 2 potions of flight {unknown}
 o - 3 potions of cancellation {unknown}
 u - 2 potions of haste {unknown}
 w - a potion of mutation {unknown}
 D - 2 potions of curing {unknown}


   Skills:
 + Level 2.7 Fighting
 + Level 3.9 Polearms
 + Level 2.1 Throwing
 + Level 1.9 Armour
 + Level 3.3 Dodging


You had 4 spell levels left.
You didn't know any spells.
Your spell library contained the following spells:

 Spells                   Type           Power      Damage    Failure   Level
 Apportation              Tloc           0%         N/A       99%         1
 Blink                    Tloc           0%         N/A       100%        2
 Cause Fear               Hex            0%         N/A       100%        4
 Manifold Assault         Tloc           0%         N/A       100%        4
 Alistair's Intoxication  Tmut/Pois      0%         N/A       100%        5
 Dragon Form              Tmut           0%         N/A       100%        7
 Storm Form               Tmut/Air       0%         N/A       100%        7
 Dragon's Call            Summ           0%         N/A       100%        9


Dungeon Overview and Level Annotations

Branches:
Dungeon (5/15)
 Temple: D:4-7

Altars:

Annotations:
D:5 Dowan, Duvessa, Edmund, Eustachio


Innate Abilities, Weirdness & Mutations

You have a pair of small horns on your head.
You are partially covered in thin metallic scales. (AC +2)


Message History

Duvessa, Sister of Dowan comes into view.
She is wielding a +0 short sword.
Duvessa shouts!
The jelly hits your white imp.
Your white imp is splashed with acid.
The acid dragon bites your gnoll. The acid dragon claws your gnoll.
Your gnoll closely misses the acid dragon.
Your white imp hits the shadow imp.
Your white imp freezes the shadow imp.
The shadow imp resists.
Dowan, Brother of Duvessa comes into view.
He is wielding a +0 dagger.
An orc comes into view. It is wielding a +0 hand axe.
The orc shouts!
You are no longer corroded.
The gnoll closely misses something.
The orc hits you but does no damage. x2
There is a stone staircase leading up here.
Dowan mumbles some strange words.
Dowan blinks!
The orc hits you but does no damage. The orc closely misses you.
The acid dragon barely misses you.
The acid dragon claws you but does no damage.
You climb upwards.
There is a stone staircase leading down here.
You closely miss the acid dragon. You headbutt the acid dragon.
The acid dragon is severely wounded.
The orc hits you but does no damage. The acid dragon bites you.
The acid dragon claws you but does no damage.
The orc hits you but does no damage.
You barely miss the acid dragon.
The acid dragon is severely wounded.
The orc hits you with a +0 hand axe. The acid dragon closely misses you.
The acid dragon claws you but does no damage.
The orc completely misses you. The orc hits you but does no damage.
The acid dragon spits acid at you. The splash of acid hits you!
* * * LOW HITPOINT WARNING * * *
The acid corrodes you! The orc hits you with a +0 hand axe.
* * * LOW HITPOINT WARNING * * *
As you read the scroll of summoning, it crumbles to dust.
Wisps of shadow whirl around you... The orc hits you but does no damage.
The orc misses your hobgoblin.
The orc hits your hobgoblin with a +0 hand axe.
The acid dragon bites you!
You die...

##.# ###.....#
#.#.....# ...#
#....#..###.#.#####
..##
######.#...........#
..#
#.....o<..#.##.#.###
..#
#......#.##.(..#.#
###
#......#....#..#.#
####
#.....o#.##.#.##.#
...####
#...og..D.<.#(...#
#.....#
#..o.go@##########
#.....# #####..o#
#.....# #####
#.....# ......#
..).### ......#
###...# #...#


You could see an acid dragon (catching breath, ally target), 2 orcs, 2 friendly
orc wizards, 2 friendly orcs and 2 friendly hobgoblins.

Vanquished Creatures
  A hound (D:4)
  An orc wizard (D:4)
  A gnoll (D:1)
  3 adders
  An ufetubus (D:4)
  A worm (D:4)
  A dart slug (D:3)
  3 orcs (D:4)
  8 ball pythons
  9 endoplasms
  2 giant cockroaches
  3 hobgoblins
  4 jackals (D:1)
  5 kobolds
  3 quokkas
  5 bats
  2 frilled lizards
  5 goblins
  4 rats
62 creatures vanquished.

Vanquished Creatures (collateral kills)
  A quokka (D:5)
1 creature vanquished.

Grand Total: 63 creatures vanquished

Notes
Turn   | Place    | Note
-------+----------+-------------------------------------------
     0 | D:1      | kingsuperguy the Demonspawn Gladiator began the quest for
                  | the Orb.
     0 | D:1      | Reached XP level 1. HP: 16/16 MP: 1/1
   134 | D:1      | Gained mutation: You are partially covered in thin metallic
                  | scales. (AC +2) [demonic ancestry]
   134 | D:1      | Reached XP level 2. HP: 22/22 MP: 2/2
   566 | D:1      | Gained mutation: You have a pair of small horns on your
                  | head. [demonic ancestry]
   566 | D:1      | Reached XP level 3. HP: 24/28 MP: 3/3
   616 | D:1      | You fall into a shaft and drop 1 floor!
  1981 | D:4      | Reached XP level 4. HP: 34/34 MP: 4/4
  2039 | D:4      | Reached skill level 1 in Armour
  2586 | D:4      | Reached XP level 5. HP: 39/39 MP: 5/5
  2656 | D:5      | Entered Level 5 of the Dungeon
  2668 | D:5      | Noticed Eustachio
  2669 | D:5      | Noticed Edmund
  2742 | D:5      | Noticed an acid dragon
  2744 | D:5      | Noticed a steam dragon
  2752 | D:5      | Noticed Duvessa
  2753 | D:5      | Noticed Dowan
  2761 | D:4      | Slain by an acid dragon

Illustrated notes

Levels and vault maps discovered:
D:1:      saegor_arrival_simple_b, layout_basic
D:2:      layout_basic
D:3:      layout_loops_corners, dreamdust_mushroom_princess, grunt_decor_cap
D:4:      layout_basic
D:5:      layout_cave_pools, doesnt_xom_only_xom, gup_sewer_entry_pipe,
          uniq_crazy_yiuf_cottage, uniq_eustachio, uniq_edmund, uniq_duvessa

Skill      XL: |  1  2  3  4 |
---------------+-------------+-----
Throwing       | 2 |  2.1
Polearms       | 3 |  3.9
Dodging        | 3 |  3.3
Armour         | 1 |  1.9
Fighting       | |  2.7

Action                     |  1- 3 |  4- 6 || total
---------------------------+-------+-------++-------
  Melee: Trident           |   115 |    77 ||   192
         Punch             |     2 |     1 ||     3
         Headbutt          |     3 |    12 ||    15
    Use: Scroll            |       |     2 ||     2
 Armour: Leather armour    |     2 |       ||     2
         Ring mail         |    30 |       ||    30
         Chain mail        |    13 |    60 ||    73
  Dodge: Dodged            |    62 |    43 ||   105
